 Dungeon Crawl Stone Soup version 0.28.0-43-g3370ac3207 (webtiles) character file.

Game seed: 17288304037822832363

1003 pkoi the Firebug (level 8, -4/61 HPs)
             Began as a Grey Draconian Fire Elementalist on Mar 1, 2022.
             Was an Initiate of Sif Muna.
             Slain by Prince Ribbit (9 damage)
             ... on level 6 of the Dungeon.
             The game lasted 00:09:16 (7522 turns).

pkoi the Firebug (Grey Draconian Fire Elementalist) Turns: 7522, Time: 00:09:17

Health: -4/61      AC: 13    Str: 10    XL:     8   Next: 0%
Magic:  2/13       EV: 12    Int: 18    God:    Sif Muna [......]
Gold:   230        SH:  5    Dex: 12    Spells: 3/14 levels left

rFire   . . .      SeeInvis .   h - +1 lajatang
rCold   . . .      Faith    .   (shield currently unavailable)
rNeg    . . .      Spirit   .   (armour unavailable)
rPois   .          Reflect  +   (helmet restricted)
rElec   .          Harm     .   (no cloak)
rCorr   +          Rampage  .   (no gloves)
Will    .....                   l - +1 pair of boots
Stlth   ++........              e - amulet of reflection
HPRegen 0.20/turn               f - ring of resist corrosion
MPRegen 0.13/turn               (no ring)

@: no status effects
A: AC +11, amphibious, unfitting armour, cold-blooded
a: Renounce Religion


You were on level 6 of the Dungeon.
You worshipped Sif Muna.
Sif Muna was noncommittal.
You visited 1 branch of the dungeon, and saw 6 of its levels.
You also visited: Sewer.

You collected 230 gold pieces.

Inventory:

Hand Weapons
 a - a +0 dagger
 h - a +1 lajatang (weapon)
 n - a +1 dagger of venom
Armour
 l - a +1 pair of boots (worn)
Jewellery
 c - a ring of protection from cold
 e - an amulet of reflection (around neck)
 f - a ring of resist corrosion (left hand)
 k - a ring of ice
Scrolls
 b - 3 scrolls of enchant armour
 g - 3 scrolls of teleportation
 r - a scroll of blinking
Potions
 d - a potion of curing
 i - 2 potions of ambrosia {unknown}
 j - 2 potions of heal wounds {unknown}
 m - a potion of attraction
 o - a potion of magic
 p - a potion of lignification


   Skills:
 + Level 2.2 Fighting
 + Level 2.1 Staves
 + Level 2.6 Dodging
 - Level 1.7 Stealth
 + Level 3.8 Spellcasting
 * Level 5.2 Conjurations
 * Level 6.0 Fire Magic


You had 3 spell levels left.
You knew the following spells:

 Your Spells              Type           Power      Damage    Failure   Level
a - Foxfire               Conj/Fire      92%        2x1d8     1%          1
b - Scorch                Fire           50%        2d7       1%          2
c - Flame Wave            Conj/Fire      23%        2d7       16%         4
d - Sticky Flame          Conj/Fire      23%        2d4       16%         4

Your spell library contained the following spells:

 Spells                   Type           Power      Damage    Failure   Level
 Conjure Flame            Conj/Fire      23%        6-21      4%          3
 Static Discharge         Conj/Air       12%        N/A       8%          2
 Inner Flame              Hex/Fire       14%        N/A       13%         3
 Confusing Touch          Hex            3%         N/A       41%         3
 Dispel Undead            Necr           3%         3d7       83%         4
 Yara's Violent Unravell  Hex/Tmut       1%         3d3       99%         5
 Enfeeble                 Hex            1%         N/A       100%        7


Dungeon Overview and Level Annotations

Branches:
Dungeon (6/15)              Sewer (visited)
 Temple: D:4-7

Altars:
Elyvilon
Sif Muna
Wu Jian
The Shining One

Annotations:
D:2 1 runed translucent door, Crazy Yiuf, Terence
D:6 Prince Ribbit


Innate Abilities, Weirdness & Mutations

Your dull iron-grey scales are very hard. (AC +11)
You are amphibious.
You cannot fit into any form of body armour.
You are cold-blooded and may be slowed by cold attacks.


Message History

You block Prince Ribbit's attack.
Prince Ribbit blinks!
Prince Ribbit hits you but does no damage.
Prince Ribbit hits you!
* * * LOW HITPOINT WARNING * * *
Prince Ribbit closely misses you.
Prince Ribbit blinks!
There is a stone staircase leading up here.
You hit the gnoll shaman.
The gnoll shaman is heavily wounded.
Prince Ribbit hits you!
* * * LOW HITPOINT WARNING * * *
The gnoll shaman hits you but does no damage.
Prince Ribbit hits you but does no damage.
Unknown command.
You slash the gnoll shaman!
You kill the gnoll shaman!
Sif Muna accepts your kill. Prince Ribbit completely misses you.
Prince Ribbit closely misses you.
Your Fire Magic skill increases to level 6!
You have reached level 8!
You feel clever.
Items here: ) ? [ †.
Casting: Foxfire (safe; 1% risk of failure)
Press: ? - help, Q - select action, (/) - cycle Dir - look around, f - activate You conjure some foxfire!
Prince Ribbit hits you.
* * * LOW HITPOINT WARNING * * *
Unknown command.
The foxfire hits Prince Ribbit.
Prince Ribbit is lightly wounded.
The foxfire hits Prince Ribbit.
Prince Ribbit is moderately wounded.
Prince Ribbit hits you!
* * * LOW HITPOINT WARNING * * *
Casting: Foxfire (safe; 1% risk of failure)
Press: ? - help, Q - select action, (/) - cycle Dir - look around, f - activate You conjure some foxfire!
Prince Ribbit hits you!
You die...

#.######## ###........# ##.##.#
#........# #.######## #.####
##..#####.# ##.### ###...#.
#...#####.# #....# #.......
#......##.# #..#.# ###....._.
#...##.##.# #..#.# #.........
###..#.##.# #<.#.## #.....⌠...
###.......#####vF...####......(..
..)...........§v@>.....'..._...).
###...#########.......##.......).
#*##.## #....##.###..(....#
.,*#.# #....##.# ##.....## ..*#.#
##...##.# ##...## ..##.# #.#.##.#
#.#.# ..##.# #...##.#####.#.###
..##.# #......##<...#.... ≈.##.#
###.#####.#######.


You could see Prince Ribbit (ally target).

Vanquished Creatures
  A water moccasin (Sewer)
  An ice beast (D:5)
  2 scorpions (D:5)
  A water moccasin skeleton (D:4)
  A bullfrog zombie (D:6)
  A hound (D:5)
  Jessica (D:2)
  2 gnoll shamans (D:6)
  3 iguanas
  4 orc wizards
  12 gnolls
  8 adders
  A white imp (D:5)
  An ufetubus (D:3)
  3 worms
  2 dart slugs
  12 orcs
  3 bats
  A bat zombie (D:2)
  5 endoplasms
  6 giant cockroaches
  6 hobgoblins
  3 jackals
  7 kobolds
  8 quokkas
  5 ball pythons
  A ball python skeleton (D:2)
  A ball python zombie (D:2)
  5 frilled lizards
  8 goblins
  3 rats
118 creatures vanquished.

Vanquished Creatures (others)
  400 foxfires
400 creatures vanquished.

Grand Total: 518 creatures vanquished

Notes
Turn   | Place    | Note
-------+----------+-------------------------------------------
     0 | D:1      | pkoi the Draconian Fire Elementalist began the quest for
                  | the Orb.
     0 | D:1      | Reached XP level 1. HP: 14/14 MP: 3/3
   366 | D:1      | Reached XP level 2. HP: 13/20 MP: 0/5
   865 | D:1      | Learned a level 2 spell: Scorch
  1532 | D:2      | Identified the +10 dagger "Nor Kigh" {elec, MP+9}
  1592 | D:2      | Reached XP level 3. HP: 26/26 MP: 2/6
  1791 | D:2      | Found a faded altar of an unknown god.
  1890 | D:2      | Noticed Terence
  2056 | D:2      | Noticed Jessica
  2062 | D:2      | Killed Jessica
  2063 | D:2      | Reached XP level 4. HP: 33/33 MP: 4/7
  2247 | D:2      | Found a runed translucent door.
  2248 | D:2      | Noticed Crazy Yiuf
  2564 | D:3      | Reached skill level 4 in Fire Magic
  3965 | D:4      | Reached XP level 5. HP: 32/38 MP: 4/9
  3972 | D:4      | Found a glowing drain.
  3989 | Sewer    | Entered a sewer
  4155 | Sewer    | Noticed a water moccasin
  4162 | Sewer    | Killed a water moccasin
  4394 | D:4      | Reached XP level 6. HP: 45/45 MP: 6/10
  4454 | D:4      | Learned a level 4 spell: Flame Wave
  4459 | D:4      | Learned a level 4 spell: Sticky Flame
  4583 | D:4      | You fall into a shaft and drop 1 floor!
  4583 | D:5      | Entered Level 5 of the Dungeon
  4650 | D:5      | Reached skill level 5 in Fire Magic
  5304 | D:5      | Reached skill level 1 in Fighting
  5304 | D:5      | Reached skill level 1 in Staves
  5310 | D:5      | Your scales start taking on a dull iron-grey colour.
  5310 | D:5      | Reached XP level 7. HP: 40/52 MP: 1/12
  5565 | D:5      | Found a shimmering blue altar of Sif Muna.
  5581 | D:5      | Became a worshipper of Sif Muna the Loreminder
  6294 | D:5      | Found a glowing golden altar of the Shining One.
  6443 | D:6      | Found a white marble altar of Elyvilon.
  6443 | D:6      | Noticed a boulder beetle
  6483 | D:6      | Found an ornate altar of the Wu Jian Council.
  6970 | D:6      | Reached skill level 5 in Conjurations
  7251 | D:6      | Noticed Prince Ribbit
  7519 | D:6      | Reached skill level 6 in Fire Magic
  7519 | D:6      | Reached XP level 8. HP: 19/61 MP: 4/13
  7522 | D:6      | Slain by Prince Ribbit

Illustrated notes

Levels and vault maps discovered:
D:1:      tarquinn_simple_flora_water_f, layout_basic, amethyst_killhole,
          nrook_campfire
D:2:      layout_basic, shapermc_ecumenical_altar_mp_highgroup, serial_undead,
          serial_undead_d, serial_undead_e, serial_undead_d, serial_undead_f,
          nrook_mini_vaults, uniq_crazy_yiuf_cottage, uniq_terence, uniq_jessica
D:3:      layout_loops_cross
D:4:      layout_rooms, cheibrodos_sewer_entry_sluice
D:5:      layout_loops_ring, lemuel_tele_altar, nicolae_sif_muna_condensation
D:6:      layout_loops_corners, nicolae_qazlal_general_emergency,
          grunt_temple_overflow_open, mainiacjoe_overflow_alcove_4,
          uniq_prince_ribbit1

Skill      XL: |  1  2  3  4  5  6  7 |
---------------+----------------------+-----
Conjurations   | 2 3 4 5 |  5.2
Fire Magic     | 4 5 6 |  6.0
Spellcasting   | 3 |  3.8
Dodging        | 2 |  2.6
Fighting       | 1 2 |  2.2
Staves         | 1 2 |  2.1
Stealth        | |  1.7

Action                   |  1- 3 |  4- 6 |  7- 9 || total
-------------------------+-------+-------+-------++-------
Melee: Dagger            |    45 |       |       ||    45
       Unarmed           |     2 |       |       ||     2
       Tailslap          |     3 |     6 |     7 ||    16
       Punch             |     1 |       |       ||     1
       Lajatang          |     6 |    58 |    45 ||   109
 Cast: Foxfire           |    48 |   113 |    77 ||   238
       Scorch            |       |       |     2 ||     2
  Use: Scroll            |       |     8 |     5 ||    13
 Stab: Sleeping          |     1 |     2 |     1 ||     4
Armor: Skin              |    13 |    26 |    32 ||    71
Dodge: Dodged            |    54 |    65 |    42 ||   161
Block: Other             |    16 |    25 |    13 ||    54
